 Dungeon Crawl Stone Soup version 0.30.0-29-ga12c61a403 (webtiles) character file.

Game seed: 876842843973501751

222 cdecastro the Ruffian (level 5, -1/54 HPs)
             Began as a Troll Fighter on June 23, 2023.
             Was an Initiate of Gozag.
             Splashed by a jelly's acid (4 damage)
             ... in a sewer.
             The game lasted 00:02:47 (1702 turns).

cdecastro the Ruffian (Troll Fighter)               Turns: 1702, Time: 00:02:48

Health: -1/54      AC: -3    Str: 24    XL:     5   Next: 66%
Magic:  4/4        EV:  9    Int:  4    God:    Gozag
Gold:   478        SH:  8    Dex: 11    Spells: 4/4 levels left

rFire   . .          .
                       - Unarmed
rCold   . . .        b - +0 kite shield
rNeg    . . .        a - +0 robe
rPois   .            (helmet restricted)
rElec   .            j - +0 cloak {Will+}
rCorr   .            (gloves unavailable)
SInv    .            (boots unavailable)
Will    +....        (no amulet)
Stlth   +            (no ring)
HPRegen 1.09/turn    (no ring)
MPRegen 0.09/turn

%: no passive effects
@: corroded, gold aura
A: large, unfitting armour, claws 3, regeneration 1, shaggy fur 1, tough skin 1
a: Renounce Religion, Potion Petition, Call Merchant, Bribe Branch


You were in a sewer.
You worshipped Gozag.
Gozag was aware of your devotion.
You visited 1 branch of the dungeon, and saw 3 of its levels.
You also visited: Sewer.

You collected 478 gold pieces.

Inventory:

Missiles
 g - 6 boomerangs (quivered)
Armour
 a - a +0 robe (worn)
 b - a +0 kite shield (worn)
 j - a +0 cloak of willpower (worn)
Wands
 k - a wand of flame (18)
Scrolls
 d - a scroll of enchant weapon {unknown}
 e - a scroll of enchant armour {unknown}
 f - a scroll of acquirement {unknown}
 i - a scroll of teleportation {unknown}
 m - a scroll of immolation {unknown}
 n - a scroll of poison {unknown}
Potions
 c - a potion of might
 h - 3 potions of heal wounds {unknown}
 l - 3 potions of mutation {unknown}
 o - a potion of cancellation {unknown}


   Skills:
 + Level 4.1 Fighting
 - Level 2.4 Dodging
 - Level 2.6 Shields
 + Level 4.4 Unarmed Combat


You had 4 spell levels left.
You didn't know any spells.
Your spell library contained the following spells:

 Spells                   Type           Power      Damage    Failure   Level
 Beastly Appendage        Tmut           0%         N/A       77%         1
 Wereblood                Tmut           0%         N/A       88%         2
 Hailstorm                Conj/Ice       0%         3d3       98%         3
 Spider Form              Tmut/Pois      0%         N/A       98%         3
 Ice Form                 Ice/Tmut       0%         N/A       100%        4
 Simulacrum               Ice/Necr       Unusable   N/A       N/A         6

Dungeon Overview and Level Annotations

Branches:
Dungeon (3/15)              Sewer (1/1)

Altars:
Gozag


Innate Abilities, Weirdness & Mutations

You are too large for most types of armour.
You have claws for hands.
Your natural rate of healing is unusually fast.
You are covered in fur. (AC +1)
You have tough skin. (AC +1)


Message History

You scratch the jelly.
Your claws burn!
The jelly is heavily wounded.
You block the giant cockroach's attack. You block the jelly's attack.
The rat barely misses you. The giant cockroach bites you.
You claw the jelly!
You kill the jelly!
The rat bites you. You block the giant cockroach's attack.
You scratch the giant cockroach.
The giant cockroach is heavily wounded.
The giant cockroach is distracted by your dazzling golden aura.
The rat bites you.
You completely miss the giant cockroach.
The giant cockroach is no longer distracted by gold.
The giant cockroach is heavily wounded.
You block the giant cockroach's attack. The rat closely misses you.
The jelly hits you but does no damage. You block the giant cockroach's attack.
You claw the giant cockroach!
You kill the giant cockroach!
The jelly hits you. The acid corrodes you!
You are splashed with acid!
You block the rat's attack.
You claw the ball python!
You kill the ball python!
You block the jelly's attack. The rat bites you.
You scratch the jelly but do no damage.
Your claws burn!
The frilled lizard is distracted by your dazzling golden aura.
You block the rat's attack. The jelly hits you.
You are splashed with acid!
You completely miss the jelly. The jelly hits you.
* * * LOW HITPOINT WARNING * * *
You are splashed with acid!
* * * LOW HITPOINT WARNING * * *
The rat is distracted by your dazzling golden aura.
You scratch the jelly but do no damage.
Your claws burn!
* * * LOW HITPOINT WARNING * * *
The jelly hits you.
* * * LOW HITPOINT WARNING * * *
You are splashed with acid!
* * * LOW HITPOINT WARNING * * *
You scratch the jelly but do no damage.
Your claws burn!
You die...
Your body crumbles into a pile of gold.

##..~.~ ##...~ ### #
#~.~# ~~# ~####.~######
.~# ~.##~..#....##
..##### ~..#~~~..~.~∩##
~.~.!.# #.~~.~...##..~#
....._#
##.~~.~~..##~~###r~...?#
#.~~~##...#~~##@lB.~#
##..~~~##.##..~~~J####
#..~.~~.###~..~..##
~~.~##~...~.~.####
~..####...~.~## ..##
##.~#### ### #..# #
~.~.# ~..##


You could see a jelly, a giant cockroach, a frilled lizard and a rat.

Vanquished Creatures
  Crazy Yiuf (D:2)
  A jelly (Sewer)
  4 gnolls (D:2)
  A river rat (Sewer)
  4 adders
  A worm (D:3)
  2 dart slugs
  5 bats
  7 endoplasms
  9 giant cockroaches
  3 goblins
  4 hobgoblins
  4 jackals (D:2)
  5 quokkas
  9 ball pythons
  4 frilled lizards
  7 kobolds
  3 rats
74 creatures vanquished.

Notes
Turn   | Place    | Note
-------+----------+-------------------------------------------
     0 | D:1      | cdecastro the Troll Fighter began the quest for the Orb.
     0 | D:1      | Reached XP level 1. HP: 22/22 MP: 0/0
   117 | D:1      | Reached XP level 2. HP: 29/29 MP: 1/1
   268 | D:1      | Found a faded altar of an unknown god.
   279 | D:1      | Prayed at the altar of an unknown god.
   279 | D:1      | Became a worshipper of Gozag Ym Sagoz the Greedy
   403 | D:2      | Reached XP level 3. HP: 37/37 MP: 2/2
   633 | D:2      | Found a runed translucent door.
   634 | D:2      | Noticed Crazy Yiuf
   783 | D:2      | Reached XP level 4. HP: 42/45 MP: 3/3
  1251 | D:2      | Killed Crazy Yiuf
  1387 | D:3      | Reached XP level 5. HP: 53/54 MP: 4/4
  1512 | D:3      | Found a glowing drain.
  1538 | Sewer    | Entered a sewer
  1690 | Sewer    | Found a viscous altar of Jiyva.
  1702 | Sewer    | Splashed by a jelly's acid

Illustrated notes

Levels and vault maps discovered:
D:1:      lightli_arrival_lavapool, layout_rooms,
          hellmonk_ecumenical_altar_slurped_away
D:2:      layout_basic, uniq_crazy_yiuf_cottage
D:3:      layout_basic, nicolae_overflow_two_pavilions, portal_sewer_entry_f,
          uniq_jessica, uniq_robin
Sewer:    sewer_hellmonk_slimy_pipes

Skill      XL: |  1  2  3  4  5 |
---------------+----------------+-----
Fighting       | 3 4 |  4.1
Unarmed Combat | 3 4 |  4.4
Dodging        | |  2.4
Shields        | |  2.6

Action                     |  1- 3 |  4- 6 || total
---------------------------+-------+-------++-------
  Melee: Unarmed           |    55 |   124 ||   179
    Use: Potion            |     1 |       ||     1
   Stab: Distracted        |       |     1 ||     1
 Armour: Robe              |     8 |    36 ||    44
  Dodge: Dodged            |    14 |    50 ||    64
  Block: Kite shield       |    16 |    57 ||    73
